 Dungeon Crawl Stone Soup version 0.23.2-1-ga50397a (webtiles) character file.

Game seed: 7965483628072178368

21 MalarOregon the Sneak (level 2, 0/19 HPs)
             Began as a Merfolk Enchanter on May 26, 2019.
             Succumbed to an adder's poison
             ... on level 2 of the Dungeon.
             The game lasted 00:01:32 (1132 turns).

MalarOregon the Sneak (Merfolk Enchanter)           Turns: 1132, Time: 00:01:33

Health: 0/19       AC:  2    Str:  8    XL:     2   Next: 83%
Magic:  1/5        EV: 19    Int: 14    God:
Gold:   23         SH:  0    Dex: 19    Spells: 2/5 levels left

rFire    . . .     SeeInvis .   a - +1 dagger
rCold    . . .     Gourm    .   (no shield)
rNeg     . . .     Faith    .   b - +0 robe
rPois    .         Spirit   .   (no helmet)
rElec    .         Reflect  .   (no cloak)
rCorr    .         Harm     .   (no gloves)
MR       .....                  (no boots)
Stlth    ++++......             (no amulet)
HPRegen  0.06/turn              (no ring)
MPRegen  0.09/turn              (no ring)

@: agile, lethally poisoned (0 -> -10), very slightly contaminated
A: change form in water, swift swim, stealthy swim
a: no special abilities


You were on level 2 of the Dungeon.
You were not hungry.

You visited 1 branch of the dungeon, and saw 2 of its levels.

You collected 23 gold pieces.

Inventory:

Hand Weapons
 a - a +1 dagger (weapon)
Armour
 b - a +0 robe (worn)
Jewellery
 j - an uncursed amulet of the gourmand {unknown}
   (You found it on level 2 of the Dungeon)
Scrolls
 c - a scroll of teleportation {unknown}
 g - 4 scrolls of identify {unknown}
 h - a scroll of random uselessness {unknown}
 i - a scroll of magic mapping {unknown}
Comestibles
 d - 4 chunks of flesh
 e - 2 rations {!d}


   Skills:
 + Level 1.7 Short Blades
 + Level 3.0 Dodging
 + Level 3.5 Stealth
 + Level 2.2 Spellcasting
 + Level 3.2 Hexes
 + Level 0.3 Ice Magic


You had 2 spell levels left.
You knew the following spells:

 Your Spells              Type           Power        Failure   Level  Hunger
a - Corona                Hex            ##.....      6%          1    #......
x - Ensorcelled Hibernat  Hex/Ice        #.....       17%         2    ###....

Your spell library contained the following spells:

 Spells                   Type           Power        Failure   Level  Hunger
 Confuse                  Hex            ##......     19%         3    ###....
 Tukima's Dance           Hex            ##......     19%         3    ###....
 Dazzling Spray           Conj/Hex       #.....       34%         3    ###....


Dungeon Overview and Level Annotations

Branches:
Dungeon (2/15)

Altars:


Message History

Your magical contamination has completely faded away.
Items here: ) [ ÷ † a cursed -3 club; a +0 scale mail; a hobgoblin skeleton; a kobold corpse The kobold corpse isn't edible.
You start resting.
Eating one of 6 chunks of flesh.
You eat one of the 6 chunks of flesh.
Some of the chunks of flesh in your inventory have rotted away.
An adder comes into view.
Aim: an adder (hasn't noticed you, chance to defeat MR: 47%)
The adder resists with some effort.
Aim: an adder (chance to defeat MR: 47%)
You miscast Ensorcelled Hibernation.
You are very lightly contaminated with residual magic.
You feel off-balance for a moment.
Aim: an adder (chance to defeat MR: 54%)
The adder struggles to resist.
The adder bites you.
You are poisoned.
The adder poisons you! The adder barely misses you.
You hit the adder but do no damage.
You feel sick. The adder bites you.
You miss the adder. The adder completely misses you.
You hit the adder.
You feel sick. The adder bites you.
You are more poisoned.
The adder poisons you!
You hit the adder. The adder bites you.
You are more poisoned.
The adder poisons you!
You hit the adder but do no damage.
You feel sick. The adder bites you.
* * * LOW HITPOINT WARNING * * *
The adder bites you.
* * * LOW HITPOINT WARNING * * *
You miss the adder.
* * * LOW HITPOINT WARNING * * *
You feel sick. The adder barely misses you.
It was a potion of agility.
You feel agile all of a sudden.
* * * LOW HITPOINT WARNING * * *
You feel sick. The adder completely misses you.
You barely miss the adder.
* * * LOW HITPOINT WARNING * * *
You feel sick. The adder misses you.
You hit the adder but do no damage.
* * * LOW HITPOINT WARNING * * *
You feel sick. The adder misses you.
You barely miss the adder. The adder misses you. The adder closely misses you.
Unknown command.
You hit the adder.
* * * LOW HITPOINT WARNING * * *
You feel sick. The adder barely misses you.
You miss the adder.
You die...

####.### ...#
##......### ...#
##.#.#.....# ...#
##.##...#.#.####...###
..#.........#...........
..........#.............
..###...#.#.#...........
.< #.......#.##S#...#. #
#.##......##@# ..#
#.##.##.####)# #
#)......# #(#
########.#### #.#
.....###.# #..
####.....# ... #######
..## ... ....


You could see an adder.

Vanquished Creatures
  A dart slug (D:1)
  2 bats (D:2)
  4 goblins
  2 hobgoblins
  A frilled lizard (D:2)
  3 kobolds
  6 rats (D:1)
19 creatures vanquished.

Notes
Turn   | Place    | Note
-------+----------+-------------------------------------------
     0 | D:1      | MalarOregon the Merfolk Enchanter began the quest for the
                  | Orb.
     0 | D:1      | Reached XP level 1. HP: 13/13 MP: 3/3
   252 | D:1      | Reached XP level 2. HP: 19/19 MP: 5/5
   456 | D:1      | Learned a level 2 spell: Ensorcelled Hibernation
  1132 | D:2      | Succumbed to an adder's poison

Skill      XL: |  1  2 |
---------------+-------+-----
Dodging        | 3 |  3.0
Short Blades   | |  1.7
Stealth        | |  3.5
Spellcasting   | |  2.2
Hexes          | |  3.2
Ice Magic      | |  0.3

Action                   || total
-------------------------++-------
Melee: Dagger            ||    87
 Cast: Ensorcelled Hiber ||     2
       Corona            ||     2
  Use: Potion            ||     1
 Stab: Sleeping          ||     6
  Eat: Chunk             ||     1
Armor: Robe              ||    10
Dodge: Dodged            ||    53
